 Dungeon Crawl Stone Soup version 0.25.1-2-g60ff931df9 (webtiles) character file.

Game seed: 3043450914567348812

9003 DearestLeader the Earth Mage (level 11, -14/54 HPs)
             Began as a Gargoyle Earth Elementalist on Oct 13, 2020.
             Was a Believer of Vehumet.
             Demolished by a red ugly thing (17 damage)
             ... on level 9 of the Dungeon.
             The game lasted 00:21:23 (10891 turns).

DearestLeader the Earth Mage (GrEE)                Turns: 10891, Time: 00:21:23

Health: -14/54     AC: 14    Str: 11    XL:     11   Next: 39%
Magic:  21/30      EV: 12    Int: 20    God:    Vehumet [**....]
Gold:   373        SH:  0    Dex: 10    Spells: 7/24 levels left

rFire    . . .     SeeInvis .   H - +2 dagger (venom)
rCold    + . .     Gourm    .   (no shield)
rNeg     + . .     Faith    .   E - +2 robe {rC+}
rPois    ∞         Spirit   .   (no helmet)
rElec    +         Reflect  .   a - +0 cloak
rCorr    .         Harm     .   (no gloves)
MR       .....                  C - +0 pair of boots
Stlth    ++........             (no amulet)
HPRegen  0.18/turn              m - ring of magical power
MPRegen  0.22/turn              (no ring)

@: no status effects
A: negative energy resistance 1, electricity resistance, unbreathing,
petrification resistance, rot immunity, AC +8
a: Renounce Religion


You were on level 9 of the Dungeon.
You worshipped Vehumet.
Vehumet was pleased with you.
You were hungry.

You visited 2 branches of the dungeon, and saw 11 of its levels.

You collected 542 gold pieces.
You spent 169 gold pieces at shops.

Inventory:

Hand Weapons
 F - a +1 whip of flaming
 H - a +2 dagger of venom (weapon)
Missiles
 b - 252 stones (quivered)
Armour
 a - a +0 cloak (worn)
 c - a +0 robe
 g - a +0 robe of magic resistance
 y - the +0 helmet of Whack-A-Mole {Harm Str+3 Dex+4}
   (You found it on level 6 of the Dungeon)

   It affects your strength (+3).
   It affects your dexterity (+4).
   It increases damage dealt and taken.
 C - a +0 pair of boots (worn)
 E - a +2 robe of cold resistance (worn)
Jewellery
 m - a ring of magical power (left hand)
 G - a cursed -4 ring of dexterity {unknown}
Wands
 w - a wand of clouds (10)
 M - a wand of iceblast (10)
 N - a wand of random effects (20)
Scrolls
 f - 3 scrolls of remove curse
 j - 3 scrolls of magic mapping {unknown}
 k - 2 scrolls of amnesia
 n - a scroll of fog
 o - a scroll of enchant armour
 p - 4 scrolls of teleportation {unknown}
 u - 2 scrolls of identify
 v - a scroll of noise {unknown}
 B - a scroll of holy word {unknown}
 J - a scroll of enchant weapon {unknown}
 K - a scroll of immolation {unknown}
Potions
 h - 2 potions of invisibility
 i - 4 potions of flight
 l - 2 potions of resistance
 q - 3 potions of heal wounds
 r - 3 potions of curing
 s - a potion of magic {unknown}
 t - a potion of mutation {unknown}
 x - 2 potions of might {unknown}
 z - 2 potions of degeneration {unknown}
 A - 2 potions of haste {unknown}
 D - a potion of brilliance {unknown}
 I - a potion of stabbing {unknown}
Miscellaneous
 e - a lightning rod (4/4)
Comestibles
 d - 6 rations
 L - 5 chunks of flesh


   Skills:
 - Level 1.5 Dodging
 - Level 2.1 Stealth
 - Level 7.2 Spellcasting
 + Level 8.5 Conjurations
 - Level 0.7 Transmutations
 * Level 15.7 Earth Magic


You had 7 spell levels left.
You knew the following spells:

 Your Spells              Type           Power        Failure   Level  Hunger
a - Sandblast             Erth           ######       0%          1    None
b - Passwall              Tmut/Erth      #####...     1%          2    None
c - Stone Arrow           Conj/Erth      ######       1%          3    #......
d - Lee's Rapid Deconstr  Erth           ######....   1%          5    #####..
e - Petrify               Tmut/Erth      #####...     3%          4    ###....
f - Swiftness             Chrm/Air       #.......     14%         2    None

Your spell library contained the following spells:

 Spells                   Type           Power        Failure   Level  Hunger
 Searing Ray              Conj           #####.       1%          2    None
 Shock                    Conj/Air       ###.         1%          1    None
 Dazzling Flash           Conj/Hex       ###...       4%          3    #......
 Static Discharge         Conj/Air       ###.....     4%          3    #......
 Corona                   Hex            #......      10%         1    None
 Ensorcelled Hibernation  Hex/Ice        #.....       14%         2    None
 Confusing Touch          Hex            #.......     28%         3    #......
 Tukima's Dance           Hex            #.......     28%         3    #......
 Lightning Bolt           Conj/Air       ###.......   41%         5    #####..
 Airstrike                Air            #.........   67%         4    ###....


Dungeon Overview and Level Annotations

Branches:
Dungeon (10/15)            Temple (1/1) D:7             Orc (0/2) D:10
   Lair: D:8-11

Altars:
Ashenzari
Elyvilon
Fedhas
Makhleb
Nemelex Xobeh
Okawaru
Sif Muna
Uskayaw
Vehumet
Zin
The Shining One

Shops:
D:4 ![}*=


Innate Abilities, Weirdness & Mutations

You are resistant to torment.
Your stone body is resilient. (AC +8)
You are immune to poison.
You resist negative energy. (rN+)
You are resistant to electric shocks. (rElec)
You can survive without breathing.
You are immune to petrification.
You are immune to rotting.


Message History

Casting: Stone Arrow (safe; 1% risk of failure)
Confirm with . or Enter, or press ? or * to list all spells.
Aiming: Stone Arrow (safe; 1% risk of failure)
Press: ? - help, Shift-Dir - straight line, f/p - red ugly thing
Aim: a red ugly thing (moderately wounded)
The stone arrow hits the red ugly thing!!
The red ugly thing is heavily wounded.
The red ugly thing engulfs you!
You are engulfed in flames!
* * * LOW HITPOINT WARNING * * *
Casting: Stone Arrow (safe; 1% risk of failure)
Confirm with . or Enter, or press ? or * to list all spells.
Aiming: Stone Arrow (safe; 1% risk of failure)
Press: ? - help, Shift-Dir - straight line, f/p - red ugly thing
Aim: a red ugly thing (heavily wounded)
The stone arrow hits the red ugly thing!!
The red ugly thing is almost dead.
The red ugly thing engulfs you!
* * * LOW HITPOINT WARNING * * *
You are engulfed in flames!
You die...

.....'......# #............
######......# #...#...#..).
#......# #.......#.... #......#
#.......#....
#......#########..........(.
#......#.......#..........(. #
########.......##########(##
#######..........>..............#
#.............>u@...............#
#................................
#).............).................
')...............................
#..........#######..###..########
#..........# #### #..###
############# #....#
............# #....#
##..........# #....#


You could see a red ugly thing.

Vanquished Creatures
  3 two-headed ogres
  An unseen horror (D:10)
  Pikel (D:8)
  4 trolls
  Sigmund (D:1)
  3 yaks (D:10)
  A wyvern (D:9)
  A hungry ghost (D:8)
  Menkaure (D:6)
  2 water moccasins
  4 orc warriors
  3 slaves (D:8)
  An ice beast (D:6)
  A phantom (D:5)
  4 sky beasts
  2 ogres
  3 centaurs
  3 bullfrogs
  5 scorpions
  7 killer bees (D:9)
  A water moccasin skeleton (D:9)
  9 wights
  2 electric eels (D:10)
  2 howler monkeys
  A bullfrog zombie (D:6)
  3 crimson imps
  A centaur zombie (D:7)
  4 jellies
  3 hounds
  3 centaur skeletons
  8 orc priests
  A bullfrog skeleton (D:8)
  An iguana (D:8)
  15 orc wizards
  3 worker ants
  A hound zombie (D:10)
  A hound skeleton (D:8)
  A worker ant zombie (D:4)
  3 gnolls (D:6)
  8 adders
  An ooze (D:7)
  An adder zombie (D:8)
  A worm (D:2)
  2 leopard geckos
  31 orcs
  2 giant cockroaches
  8 goblins
  8 hobgoblins
  6 jackals
  5 kobolds
  A quokka (D:5)
  2 ball pythons
  8 bats
  11 frilled lizards
  A giant cockroach zombie (D:6)
  A jackal zombie (D:8)
  A leopard gecko skeleton (D:5)
  A leopard gecko zombie (D:8)
  A quokka zombie (D:5)
  8 rats
222 creatures vanquished.

Notes
Turn   | Place    | Note
-------+----------+-------------------------------------------
     0 | D:1      | DearestLeader the Gargoyle Earth Elementalist began the
                  | quest for the Orb.
     0 | D:1      | Reached XP level 1. HP: 10/10 MP: 3/3
    47 | D:1      | Reached skill level 4 in Earth Magic
   182 | D:1      | Reached XP level 2. HP: 15/15 MP: 3/5
   941 | D:2      | Found a white marble altar of Elyvilon.
   941 | D:2      | Found a shimmering blue altar of Sif Muna.
   941 | D:2      | Noticed Sigmund
   949 | D:1      | Killed Sigmund
   949 | D:1      | Reached skill level 7 in Earth Magic
   949 | D:1      | Reached XP level 3. HP: 12/19 MP: 2/6
   949 | D:1      | Reached XP level 4. HP: 16/24 MP: 2/7
   949 | D:1      | Reached XP level 5. HP: 19/28 MP: 2/8
  1117 | D:2      | Learned a level 2 spell: Passwall
  1121 | D:2      | Learned a level 3 spell: Stone Arrow
  1399 | D:2      | Found a glowing silver altar of Zin.
  2891 | D:4      | You fall into a shaft and drop 3 floors!
  2915 | D:6      | Reached XP level 6. HP: 32/32 MP: 5/9
  3018 | D:6      | Reached skill level 8 in Earth Magic
  3027 | D:5      | Entered Level 5 of the Dungeon
  3034 | D:5      | Noticed a phantom
  3039 | D:5      | Noticed a troll
  3073 | D:5      | Killed a phantom
  3073 | D:5      | Reached skill level 9 in Earth Magic
  3073 | D:5      | Reached XP level 7. HP: 8/36 MP: 3/10
  3415 | D:4      | Found Jihyhinn's Distillery.
  3422 | D:4      | Bought 2 potions of heal wounds for 130 gold pieces
  3422 | D:4      | Bought a potion of curing for 39 gold pieces
  3447 | D:4      | Found Dagigoij's Antique Armour Emporium.
  3694 | D:4      | Found Lyciu's Assorted Antiques.
  3699 | D:4      | Found Sicapp's Gadget Shop.
  3725 | D:4      | Found Nuesm's Jewellery Shoppe.
  4123 | D:4      | Reached skill level 10 in Earth Magic
  4314 | D:5      | Reached skill level 1 in Conjurations
  4513 | D:5      | Reached XP level 8. HP: 39/41 MP: 11/11
  4570 | D:5      | Killed a troll
  4570 | D:5      | Reached skill level 11 in Earth Magic
  4631 | D:5      | Learned a level 5 spell: Lee's Rapid Deconstruction
  4781 | D:5      | Found a hide-covered altar of Uskayaw.
  5296 | D:6      | Got a heavily runed helmet
  5301 | D:6      | Identified the +0 helmet of Whack-A-Mole {Harm Str+3 Dex+4}
                  | (You found it on level 6 of the Dungeon)
  5692 | D:6      | Noticed Menkaure
  5696 | D:6      | Killed Menkaure
  5696 | D:6      | Reached XP level 9. HP: 45/45 MP: 16/16
  6045 | D:6      | Reached skill level 5 in Spellcasting
  6392 | D:7      | Reached skill level 12 in Earth Magic
  6718 | D:7      | Found a staircase to the Ecumenical Temple.
  6735 | Temple   | Entered the Ecumenical Temple
  6763 | Temple   | Became a worshipper of Vehumet
  7425 | D:8      | Noticed a two-headed ogre
  7429 | D:8      | Killed a two-headed ogre
  7429 | D:8      | Reached skill level 5 in Conjurations
  7637 | D:8      | Reached XP level 10. HP: 50/50 MP: 20/20
  7692 | D:8      | Reached skill level 13 in Earth Magic
  7709 | D:8      | Reached * piety under Vehumet
  7709 | D:8      | Offered knowledge of Foxfire by Vehumet.
  8194 | D:8      | Noticed Pikel
  8201 | D:8      | Killed Pikel
  8746 | D:9      | Learned a level 4 spell: Petrify
  9028 | D:9      | Reached skill level 14 in Earth Magic
  9179 | D:9      | Reached ** piety under Vehumet
  9565 | D:9      | Offered knowledge of Searing Ray by Vehumet.
  9569 | D:9      | Learned a level 2 spell: Swiftness
 10344 | D:10     | Entered Level 10 of the Dungeon
 10345 | D:10     | Noticed a two-headed ogre
 10354 | D:10     | Killed a two-headed ogre
 10354 | D:10     | Reached skill level 15 in Earth Magic
 10354 | D:10     | Reached XP level 11. HP: 32/54 MP: 13/21
 10578 | D:10     | Killed an unseen horror
 10688 | D:10     | Noticed a two-headed ogre
 10695 | D:10     | Killed a two-headed ogre
 10761 | D:10     | Found a staircase to the Orcish Mines.
 10842 | D:10     | Noticed a red ugly thing
 10846 | D:10     | Noticed a two-headed ogre
 10891 | D:9      | Demolished by a red ugly thing

Illustrated notes

Levels and vault maps discovered:
D:1:      dpeg_arrival_arbitrary_a, layout_basic, minmay_misc_feat_ornament,
          wad_floor_pattern_1, minmay_tromino_v7
D:2:      layout_rooms, grunt_temple_overflow_open, overflow_temple_1_default,
          chequers_serial_rivers_small_3, uniq_sigmund
D:3:      layout_basic, first_ration
D:4:      layout_gridville, serial_shops, shop, shop, nicolae_shop_waterfront,
          shop, shop_fountains
D:5:      layout_rooms, old_standard_altar, minmay_chambers_of_fives
D:6:      layout_basic, uniq_menkaure
D:7:      layout_basic, minmay_temple_entry_mist, fountainhead
D:8:      layout_gridville, uniq_pikel
D:9:      layout_stronghold
D:10:     layout_basic, basic_altar, hangedman_pestilent_swarm,
          kennysheep_generic_room_11
Temple:   regret_index_temple_mists

Skill      XL: |  1  2  3  4  5  6  7  8  9 10 11 |
---------------+----------------------------------+-----
Earth Magic    | 4 7 9 10 11 12 15 | 15.7
Conjurations   | 1 3 5 7 8 |  8.5
Spellcasting   | 4 6 7 |  7.2
Dodging        | |  1.5
Stealth        | |  2.1
Transmutations | |  0.7

Action                   |  1- 3 |  4- 6 |  7- 9 | 10-12 || total
-------------------------+-------+-------+-------+-------++-------
Melee: Unarmed           |    14 |       |       |       ||    14
       Whip              |    40 |   127 |    78 |    85 ||   330
       Dagger            |     4 |       |       |    13 ||    17
       Rapier            |       |       |   220 |    32 ||   252
 Cast: Sandblast         |     9 |    14 |    57 |    39 ||   119
       Lee's Rapid Decon |       |       |     4 |    18 ||    22
       Stone Arrow       |       |       |     2 |    39 ||    41
  Use: Scroll            |       |       |     9 |       ||     9
       Potion            |       |       |       |     1 ||     1
 Stab: Sleeping          |     1 |     4 |     6 |       ||    11
       Distracted        |       |       |     1 |       ||     1
  Eat: Chunk             |       |     7 |    13 |    12 ||    32
       Ration            |       |       |     1 |     1 ||     2
Armor: Robe              |    19 |    55 |   147 |    83 ||   304
Dodge: Dodged            |    31 |    75 |   223 |   102 ||   431
